 Dungeon Crawl Stone Soup version 0.30.1-11-g7821555f0a (console) character file.

Game seed: 18113183864351321041

58 JoeltCo the Magician (level 3, 0/24 HPs)
             Began as a Mummy Venom Mage on Jan 10, 2024.
             Slain by Jessica
             ... wielding a +0 club
              (1 damage)
             ... on level 3 of the Dungeon.
             The game lasted 00:03:03 (2352 turns).

JoeltCo the Magician (Mummy Venom Mage)             Turns: 2352, Time: 00:03:04

Health: 0/24       AC:  3    Str: 11    XL:     3   Next: 76%
Magic:  2/8        EV: 12    Int: 16    God:
Gold:   73         SH:  0    Dex: 12    Spells: 4/10 levels left

rFire   x . .        e - +0 sling (flame)
rCold   + . .        (no shield)
rNeg    + + +        a - +1 robe
rPois   ∞            (no helmet)
rElec   .            (no cloak)
rCorr   .            (no gloves)
SInv    .            (no boots)
Will    +....        (no amulet)
Stlth   ++           b - ring of willpower
HPRegen 0.24/turn    (no ring)
MPRegen 0.11/turn

%: faith
@: no status effects
A: cold resistance 1, negative energy resistance 3, torment resistance 2, heat
vulnerability 1, in touch with death 1, no potions, faith
a: no special abilities


You were on level 3 of the Dungeon.
You visited 1 branch of the dungeon, and saw 3 of its levels.

You collected 73 gold pieces.

Inventory:

Hand Weapons
 e - a +0 sling of flaming (weapon)
Armour
 a - a +1 robe (worn)
Jewellery
 b - a ring of willpower (left hand)


   Skills:
 - Level 1.5 Dodging
 - Level 1.5 Stealth
 + Level 4.1 Spellcasting
 - Level 0.7 Transmutations
 + Level 3.2 Poison Magic


You had 4 spell levels left.
You knew the following spells:

 Your Spells              Type           Power      Damage    Failure   Level
a - Sting                 Tmut/Pois      36%        1d4       8%          1
b - Poisonous Vapours     Pois/Air       16%        N/A       13%         2
c - Mephitic Cloud        Conj/Pois/Air  6%         N/A       32%         3

Your spell library contained the following spells:

 Spells                   Type           Power      Damage    Failure   Level
 Olgreb's Toxic Radiance  Pois           13%        N/A       41%         4
 Petrify                  Tmut/Erth      4%         N/A       82%         4
 Irradiate                Conj/Tmut      2%         3d12      99%         5
 Sublimation of Blood     Necr           Unusable   N/A       N/A         2

Dungeon Overview and Level Annotations

Branches:
Dungeon (3/15)

Altars:

Shops:
D:1 *

Annotations:
D:3 Ijyb, Jessica


Innate Abilities, Weirdness & Mutations

You are immune to poison.
Your flesh is cold resistant. (rC+)
You are immune to negative energy. (rN+++)
You are immune to unholy pain and torment.
You are vulnerable to heat. (rF-)
You are in touch with the powers of death.
You do not drink.
You have a special connection with the divine. (Faith)


Message History

Aiming: Sting (safe; 8% risk of failure)
Press: ? - help, Shift-Dir - straight line, f/p - Ijyb
Aim: Ijyb, wielding a +0 dagger, wearing a +0 leather armour and carrying a wand of roots (10) (moderately wounded, 60% to hit)
The sting hits Ijyb but does no damage.
Ijyb is poisoned.
Ijyb is moderately wounded.
The bat hits you but does no damage. The grasping roots constrict you.
* * * LOW HITPOINT WARNING * * *
The grasping roots release their grip on you.
Casting: Sting (safe; 8% risk of failure)
Confirm with . or Enter, or press ? or * to list all spells.
Aiming: Sting (safe; 8% risk of failure)
Press: ? - help, Shift-Dir - straight line, f/p - Ijyb
Aim: Ijyb, wielding a +0 dagger, wearing a +0 leather armour and carrying a wand of roots (10) (moderately wounded, poisoned, 60% to hit)
The sting hits Ijyb but does no damage.
Ijyb looks even sicker.
Ijyb is moderately wounded.
The bat barely misses you. Ijyb completely misses you.
Unknown command.
You aren't carrying any scrolls.
Unknown command.
You aren't carrying any scrolls.
Casting: Sting (safe; 8% risk of failure)
Confirm with . or Enter, or press ? or * to list all spells.
The spell is extremely dangerous to miscast (32% risk of failure)!
Continue anyway?
Aiming: Mephitic Cloud (extremely dangerous; 32% risk of failure)
Press: ? - help, Shift-Dir - straight line, p - Ijyb The ball explodes into a vile cloud!
The stinking cloud engulfs you but does no damage.
The stinking cloud engulfs Ijyb but does no damage.
Ijyb is heavily wounded.
The stinking cloud engulfs the bat but does no damage.
The bat is engulfed in noxious fumes.
The bat hits you but does no damage.
The bat is engulfed in noxious fumes.
The bat appears confused.
Ijyb hits you with a +0 dagger.
* * * LOW HITPOINT WARNING * * *
A kobold comes into view. It is wielding a +0 short sword.
The bat is engulfed in noxious fumes.
The bat appears confused.
Jessica mumbles some strange words.
Jessica seems to speed up.
Jessica hits you with a +0 club.
You die...

#...#.#...
#........ #
#.....# #.#...#
#..<..#
#..)#.#######.
#.........†...
###.##.#######
#.##.###
#......#
####@#.####
#°g@....#
#..K....#
#..).°○.....#
........###[....
###.##.## .....
# #. .... #.
.... #. #.


You could see Ijyb (very poisoned), Jessica (fast) and a kobold.

Vanquished Creatures
  3 adders (D:2)
  A dart slug (D:1)
  2 ball pythons (D:1)
  4 bats
  5 endoplasms
  2 giant cockroaches
  2 goblins
  A hobgoblin (D:1)
  A quokka (D:2)
  A frilled lizard (D:1)
  3 kobolds
  6 rats
31 creatures vanquished.

Notes
Turn   | Place    | Note
-------+----------+-------------------------------------------
     0 | D:1      | JoeltCo the Mummy Venom Mage began the quest for the Orb.
     0 | D:1      | Reached XP level 1. HP: 13/13 MP: 4/4
    44 | D:1      | Found Xoihuda's General Store.
   193 | D:1      | Reached skill level 3 in Spellcasting
   376 | D:1      | Reached XP level 2. HP: 11/19 MP: 0/6
  1209 | D:1      | Learned a level 2 spell: Poisonous Vapours
  1471 | D:2      | Gained mutation: You are in touch with the powers of death.
                  | [Mummy growth]
  1471 | D:2      | Reached XP level 3. HP: 21/24 MP: 4/8
  1475 | D:2      | Learned a level 3 spell: Mephitic Cloud
  1890 | D:2      | Reached skill level 4 in Spellcasting
  2342 | D:3      | Noticed Ijyb
  2347 | D:3      | Noticed Jessica
  2350 | D:3      | HP: 1/24 [Ijyb/+0 dagger (2)]
  2352 | D:3      | Slain by Jessica

Illustrated notes

Levels and vault maps discovered:
D:1:      psy_arrival_radial02, layout_loops_ring, serial_glass,
          glass_columns_a, glass_columns_a, serial_shops, shop,
          hangedman_abyss_or_decor_lesser_grid, st_stairs_2,
          dreamdust_mushroom_princess, minmay_3d_cube
D:2:      cheibrodos_helix_gallery, layout_loops_corners
D:3:      layout_basic, nicolae_overflow_ecumenical_swirl,
          lightli_corner_chamber, uniq_grinder, uniq_robin, uniq_jessica,
          uniq_ijyb

Skill      XL: |  1  2  3 |
---------------+----------+-----
Spellcasting   | 3 4 |  4.1
Poison Magic   | 3 |  3.2
Dodging        | |  1.5
Stealth        | |  1.5
Transmutations | |  0.7

Action                     || total
---------------------------++-------
  Melee: Unarmed           ||     2
         Spear             ||     2
   Fire: Sling             ||    18
   Cast: Sting             ||    66
         Mephitic Cloud    ||     1
    Use: Scroll            ||     3
 Armour: Robe              ||     6
  Dodge: Dodged            ||    31
